AoeStats
← Churrasko

Arabia

508981895Analyzed
1v1 RM · 7d ago on Sep 24, 2026· 47m 3s· 2 players
Game mode
Random Map
Map size
Tiny (2 player)
Population
200
Speed
Normal
Resources
Standard
Victory
Conquest
Starting age
Dark Age
Ending age
Imperial Age
RankedLock teamsTeams togetherTeam positionsShared explorationLock speedFull tech treeHidden civsTurbo modeCheats
Victory
Defeat
🇦🇷 Japanese · Argentina
825
+17
🇫🇷 Franks · France
850
-17
Churrasko
10:49 Feudal Age
12:14 Double-Bit Axe
12:11 Horse Collar
17:12 Bloodlines
20:37 Loom
23:21 Castle Age
22:03 Forging
21:44 Fletching
23:51 Scale Barding Armor
24:14 Crossbowman
24:59 Gold Mining
25:13 Heavy Plow
26:12 Pikeman
31:46 Bodkin Arrow
33:52 Ballistics
36:35 Iron Casting
39:08 Gold Shaft Mining
40:49 Squires
41:13 Chain Barding Armor
46:18 Scale Mail Armor
Northairo
11:28 Feudal Age
11:21 Loom
12:19 Double-Bit Axe
16:22 Wheelbarrow
23:34 Castle Age
22:42 Gold Mining
23:19 Forging
27:25 Pikeman
29:27 Stone Mining
30:33 Bow Saw
31:20 Scale Barding Armor
32:04 Gold Shaft Mining
35:36 Iron Casting
35:22 Chain Barding Armor
Connection lost

Rejoining the realm…

Still unreachable

The connection could not be restored.

Session expired

The server has moved on; the page needs a fresh start.